 Dungeon Crawl Stone Soup version 0.31-a0-868-g674d60d6f7 (webtiles) character file.

Game seed: 15104025034336033010

119 Xavori the Cutter (level 5, 0/39 HPs)
             Began as an Octopode Chaos Knight on Oct 11, 2023.
             Was a Plaything of Xom.
             Slain by an orc wizard
             ... wielding a +0 dagger
              (1 damage)
             ... on level 3 of the Dungeon.
             The game lasted 00:03:38 (11179 turns).

Xavori the Cutter (Octopode Chaos Knight)          Turns: 11179, Time: 00:03:39

Health: 0/39       AC:  1    Str: 13 (17) XL:     5   Next: 3%
Magic:  13/13      EV: 11    Int: 10 (11) God:    Xom [....*.]
Gold:   247        SH:  0    Dex: 11 (13) Spells: 4/4 levels left

rFire   + + .        s - +1 dagger (protect)
rCold   + . .        k - +0 kite shield
rNeg    + . .        (helmet restricted)
rPois   +            (no amulet)
rElec   +            e - ring of magical power
rCorr   +            f - ring of positive energy
SInv    .            h - +6 ring of strength
Will    .....        (no ring)
Stlth   ++           (no ring)
HPRegen 0.26/turn    (no ring)
MPRegen 0.13/turn    (no ring)
                     (no ring)

%: random rage (3%)
@: confused, mighty, resistant, invisible
A: almost no armour, amphibious, 8 rings, camouflage 1, gelatinous body 1,
(nimble swimmer 1), tentacles, beak, berserk 1, dopey 2, fire resistance 1, low
MP 1, mutation resistance 1, robust 1
a: Renounce Religion


You were on level 3 of the Dungeon.
You worshipped Xom.
You were a beloved toy of Xom.
You visited 1 branch of the dungeon, and saw 3 of its levels.

You collected 247 gold pieces.

Inventory:

Hand Weapons
 a - a +0 short sword of chaos
 s - a +1 dagger of protection (weapon)
Armour
 k - a +0 kite shield (worn)
Jewellery
 e - a ring of magical power (left tentacle)
 f - a ring of positive energy (right tentacle)
 h - a +6 ring of strength (on tentacle)
Wands
 d - a wand of iceblast (8)
Scrolls
 b - a scroll of butterflies
 i - a scroll of poison
 j - a scroll of amnesia {unknown}
 m - a scroll of teleportation {unknown}
 n - 2 scrolls of identify {unknown}
 p - a scroll of fog {unknown}
 q - 2 scrolls of enchant weapon {unknown}
 r - 2 scrolls of vulnerability {unknown}
Potions
 c - a potion of resistance
 l - 2 potions of might
 o - a potion of curing {unknown}


   Skills:
 + Level 3.6 Fighting
 + Level 4.0 Short Blades
 + Level 2.8 Dodging
 + Level 3.6 Stealth
 + Level 0.1 Shields


You had 4 spell levels left.
You didn't know any spells.
Your spell library contained the following spells:

 Spells                   Type           Power      Damage    Failure   Level
 Apportation              Tloc           0%         N/A       83%         1
 Jinxbite                 Hex            0%         N/A       93%         2
 Sublimation of Blood     Necr           0%         N/A       93%         2
 Ozocubu's Armour         Ice            0%         N/A       99%         3
 Petrify                  Tmut/Erth      0%         N/A       100%        4
 Alistair's Intoxication  Tmut/Pois      0%         N/A       100%        5
 Irradiate                Conj/Tmut      0%         3d11      100%        5
 Ozocubu's Refrigeration  Ice            0%         4d7       100%        7


Dungeon Overview and Level Annotations

Branches:
Dungeon (3/15)

Altars:
Xom


Innate Abilities, Weirdness & Mutations

You cannot wear most types of armour.
You are amphibious.
You can wear up to eight rings at the same time.
Your skin changes colour to match your surroundings (Stealth+).
Your rubbery body absorbs attacks. (AC +1, EV +1)
((You are camouflaged when in or above water. (Stealth+)))
You have tentacles for arms and can constrict up to eight enemies at once.
You have a beak for a mouth.
You sometimes lose your temper in combat.
You are very dopey. (Int -4)
Your flesh is heat resistant. (rF+)
Your magical capacity is low. (-10% MP)
You are somewhat resistant to further mutation.
You are robust. (+10% HP)


Message History

You hit something but do no damage. Something hits you.
You miss something. Something hits you.
You hit something. Your peck misses something.
Something hits you but does no damage.
You hit something.
You hear some strange, mumbled words.
Something tries to affect you, but you resist.
You barely miss something. Your peck misses something.
You block something's attack.
You miss something. You peck something. Something hits you.
You barely miss something. Something hits you but does no damage.
You barely miss something. You peck something.
You hear some strange, mumbled words.
You are confused.
You bump into the rock wall.
You hear some strange, mumbled words.
You are more confused.
You bump into the rock wall.
Something hits you.
You bump into the rock wall.
Something hits you.
You bump into the rock wall.
Something hits you.
* * * LOW HITPOINT WARNING * * *
You bump into the rock wall.
Something hits you.
* * * LOW HITPOINT WARNING * * *
You bump into the rock wall.
Something hits you.
* * * LOW HITPOINT WARNING * * *
You bump into the rock wall.
Something hits you.
* * * LOW HITPOINT WARNING * * *
It was a potion of might.
You feel very mighty all of a sudden.
Xom roars with laughter!
Something hits you.
* * * LOW HITPOINT WARNING * * *
You fade into invisibility!
Something hits you.
* * * LOW HITPOINT WARNING * * *
It was a potion of resistance.
You feel protected. Something hits you.
You die... "What!?
That's it?"

##...........#....#
##...........#....#
##.....†.....#....#
##...........#....#
##[..........#....#
##############....#
###'## #.# #@# #{#
###'### #.....#
#.....# #.....#
#.....#####
#....†.).)#
#....=)...#


There were no monsters in sight!

Vanquished Creatures
  Ijyb (D:3)
  2 adders (D:2)
  2 worms (D:2)
  2 dart slugs
  6 orcs (D:3)
  5 bats
  7 endoplasms
  A giant cockroach (D:3)
  8 goblins
  5 hobgoblins
  4 kobolds
  3 quokkas
  6 ball pythons
  A frilled lizard (D:1)
  3 rats
56 creatures vanquished.

Vanquished Creatures (collateral kills)
  A rat (D:2)
1 creature vanquished.

Grand Total: 57 creatures vanquished

Notes
Turn   | Place    | Note
-------+----------+-------------------------------------------
     0 | D:1      | Xavori the Octopode Chaos Knight began the quest for the
                  | Orb.
     0 | D:1      | Reached XP level 1. HP: 16/16 MP: 1/1
   247 | D:1      | Reached XP level 2. HP: 21/21 MP: 2/2
   299 | D:1      | XOM: divination: magic mapping
   572 | D:1      | XOM: silly message
   592 | D:1      | XOM: divination: detect items
  1438 | D:1      | XOM: god gift: 27 gold pieces
  2094 | D:1      | XOM: cloud trail
  2473 | D:1      | XOM: summons 2 hostile demons
  2618 | D:2      | XOM: give mutation
  2618 | D:2      | Gained mutation: You sometimes lose your temper in combat.
                  | [Xom's mischief]
  3461 | D:1      | XOM: summons 3 hostile shadow creatures
  3897 | D:1      | XOM is BORED!
  3897 | D:1      | XOM: give mutations
  3897 | D:1      | Gained mutation: Your magical capacity is low. (-10% MP)
                  | [Xom's mischief]
  3897 | D:1      | Gained mutation: You are dopey. (Int -2) [Xom's mischief]
  4000 | D:1      | XOM: stat loss: -1 Dex (10/11)
  4318 | D:1      | XOM: silly message
  4352 | D:1      | XOM: 2-stop teleportation journey
  4412 | D:1      | XOM: scenery: create altars
  5019 | D:1      | XOM: god gift: +1 lajatang of chaos
  5165 | D:1      | XOM: 3-stop teleportation journey
  5540 | D:1      | XOM: god gift: fuming coppery potion {god gift}
  6500 | D:1      | XOM: god gift: pink potion {god gift}
  6580 | D:1      | XOM: scenery: summon butterflies
  6704 | D:1      | XOM: god gift: 48 gold pieces
  6734 | D:1      | XOM: god gift: scroll labelled RORIMN GENKASK {god gift}
  7155 | D:1      | XOM: divination: detect items
  7336 | D:1      | XOM is BORED!
  7395 | D:1      | XOM: summons 1 hostile shadow creature
  7408 | D:2      | XOM: god gift: 4 gold pieces
  7643 | D:1      | XOM: summons 2 hostile shadow creatures
  7727 | D:2      | XOM: scenery: summon butterflies
  8528 | D:1      | XOM: give mutation
  8528 | D:1      | Gained mutation: Your flesh is heat resistant. (rF+) [Xom's
                  | grace]
  8948 | D:1      | XOM: stat loss: -1 Str (13/17)
  9367 | D:1      | XOM: give mutations
  9367 | D:1      | Gained mutation: You are very dopey. (Int -4) [Xom's
                  | mischief]
  9367 | D:1      | Gained mutation: You are robust. (+10% HP) [Xom's mischief]
  9564 | D:1      | XOM: scenery: summon butterflies
  9780 | D:1      | XOM: give mutations
  9780 | D:1      | Gained mutation: You are somewhat resistant to further
                  | mutation. [Xom's grace]
  9780 | D:1      | Gained mutation: You have a beak for a mouth. [Xom's grace]
 10120 | D:2      | Reached skill level 1 in Stealth
 10120 | D:2      | Reached XP level 3. HP: 28/28 MP: 2/2
 10426 | D:2      | Reached XP level 4. HP: 34/34 MP: 3/3
 10934 | D:3      | Noticed Ijyb
 10945 | D:3      | Killed Ijyb
 10977 | D:3      | Reached skill level 4 in Short Blades
 11142 | D:3      | Reached XP level 5. HP: 38/39 MP: 4/4
 11178 | D:3      | HP: 1/39 [something (3)]
 11179 | D:3      | Slain by an orc wizard

Illustrated notes

Levels and vault maps discovered:
D:1:      tarquinn_simple_flora_water_d, layout_basic, kennysheep_boxes
D:2:      layout_basic, hangedman_feature_mirror,
          minmay_randomly_rotated_circles
D:3:      layout_basic, uniq_ijyb

Skill      XL: |  1  2  3  4 |
---------------+-------------+-----
Stealth        | 1 2 3 |  3.6
Short Blades   | 4 |  4.0
Fighting       | |  3.6
Dodging        | |  2.8
Shields        | |  0.1

Action                     |  1- 3 |  4- 6 || total
---------------------------+-------+-------++-------
  Melee: Short sword       |    64 |    21 ||    85
         Constrict         |    13 |    13 ||    26
         Tentacles         |     8 |     8 ||    16
         Peck              |     4 |    14 ||    18
         Punch             |     1 |       ||     1
         Dagger            |       |    38 ||    38
    Use: Potion            |     2 |     3 ||     5
         Scroll            |     1 |     1 ||     2
   Stab: Sleeping          |     9 |     3 ||    12
 Armour: Skin              |    30 |    39 ||    69
  Dodge: Dodged            |    28 |    36 ||    64
  Block: Kite shield       |     1 |    14 ||    15

Table legend: (Time is in decaauts)
 A = Elapsed time spent in this place.
 B = Non-inter-level travel time spent in this place.
 C = Inter-level travel time spent in this place.
 D = Time resting spent in this place.
 E = Time spent auto-exploring this place.
 F = Levels seen in this place.
 G = Mean time per level.
                   A        B        C        D        E       F      G
               +--------+--------+--------+--------+--------+-----+--------+
         Total |  11211 |  11157 |     54 |   9162 |   1573 |   3 | 3737.0 |
       Dungeon |  11211 |  11157 |     54 |   9162 |   1573 |   3 | 3737.0 |
               +--------+--------+--------+--------+--------+-----+--------+

Top non-repeatable levels by time:
     D:1: 9274 daAuts
     D:2: 1617 daAuts
     D:3: 320 daAuts
